 Dungeon Crawl Stone Soup version 0.18-a0-824-g47fe746 (webtiles) character file.

49 JokEr the Insei (level 3, 0/24 HPs)
             Began as an Octopode Transmuter on Dec 17, 2015.
             Slain by Natasha (2 damage)
             ... on level 2 of the Dungeon.
             The game lasted 00:01:47 (960 turns).

JokEr the Insei (Octopode Transmuter)                Turns: 960, Time: 00:01:48

Health: 0/24       AC:  1    Str:  9    XL:     3   Next: 75%
Magic:  5/6        EV: 12    Int: 16    God:
Gold:   34         SH:  0    Dex: 12    Spells: 1 memorised, 5 levels left

rFire  . . .     SeeInvis .       - Unarmed
rCold  . . .     Gourm    .     (no shield)
rNeg   . . .     Faith    .     (helmet restricted)
rPois  .         Spirit   .     (no amulet)
rElec  .         Dismiss  .     (no ring)
rCorr  .         Reflect  .     (no ring)
SustAt .         Harm     .     (no ring)
MR     .....                    (no ring)
Stlth  ++........               (no ring)
                                (no ring)
                                (no ring)
                                (no ring)

@: appendage, not resistant to hostile enchantments, unstealthy
A: almost no armour, amphibious, 8 rings, constrict 8, tentacle spike 3,
camouflage 1, gelatinous body 1
a: End Transformation


You were on level 2 of the Dungeon.
You were not hungry.
One of your tentacles had a temporary spike.
You visited 1 branch of the dungeon, and saw 2 of its levels.

You collected 34 gold pieces.

Inventory:

Missiles
 a - 37 arrows
Potions
 d - 2 potions of haste {unknown}
 f - 2 potions of cancellation {unknown}
 i - a potion of invisibility {unknown}
Books
 b - a book of Changes

   Spells                             Type                      Level
   a - Beastly Appendage              Transmutation                1
   b - Sticks to Snakes               Transmutation                2
   c - Spider Form                    Transmutation/Poison         3
   d - Ice Form                       Ice/Transmutation            4
   e - Blade Hands                    Transmutation                5
Comestibles
 c - a bread ration


   Skills:
 + Level 2.0 Fighting
 - Level 2.0 Dodging
 + Level 3.4 Unarmed Combat
 - Level 2.0 Spellcasting
 + Level 3.1 Transmutations


You had 5 spell levels left.
You knew the following spells:

 Your Spells              Type           Power        Failure   Level  Hunger
a - Beastly Appendage     Trmt           ##....       8%          1    #......


Dungeon Overview and Level Annotations

Branches:
Dungeon (2/15)

Altars:
Xom

Annotations:
D:2 Natasha


Innate Abilities, Weirdness & Mutations

You cannot wear most types of armour.
You are amphibious.
You can wear up to eight rings at the same time.
You can use your tentacles to constrict eight enemies at once.
Your skin changes colour to match your surroundings (Stealth).
Your rubbery body absorbs attacks (AC +1).
One of your tentacles bears a large vicious spike.


Message History

Your tentacle spike disappears.
You start resting.
Natasha, Servant of Life and Death appears from thin air!
Natasha is nearby!
Casting: Beastly Appendage
Confirm with . or Enter, or press ? or * to list all spells.
One of your tentacles grows a vicious spike.
Natasha hisses angrily.
Natasha zaps a wand.
The magic dart hits you!
It is a wand of magic darts.
You barely miss Natasha. You grab Natasha.
You constrict Natasha, but do no damage.
Natasha casts a spell at you. The magic dart hits you!
* * * LOW HITPOINT WARNING * * *
You tentacle-slap Natasha but do no damage.
You squeeze Natasha.
Natasha is moderately wounded.
You constrict Natasha, but do no damage.
Natasha claws you.
You die...

#
##..#####.#####
.......@h......
##...##†#.#.###
... ... .. #
####. .# .# ..
# ##


You could see Natasha.

Vanquished Creatures
  Natasha (D:2)
  An ooze (D:1)
  4 goblins (D:1)
  3 hobgoblins (D:1)
  2 jackals (D:1)
  4 kobolds (D:1)
  2 bats (D:1)
  A giant cockroach (D:1)
  2 rats (D:1)
20 creatures vanquished.

Notes
Turn   | Place    | Note
--------------------------------------------------------------
     0 | D:1      | JokEr the Octopode Transmuter began the quest for the Orb.
     0 | D:1      | Reached XP level 1. HP: 13/13 MP: 3/3
   175 | D:1      | Reached XP level 2. HP: 16/18 MP: 5/5
   674 | D:1      | Reached XP level 3. HP: 23/23 MP: 6/6
   771 | D:1      | Found a shimmering altar of Xom.
   859 | D:2      | Noticed Natasha
   867 | D:2      | Killed Natasha
   958 | D:2      | Noticed Natasha
   960 | D:2      | Slain by Natasha

Vault maps used:
D:1:      dpeg_arrival_three_same_balls, grunt_decor_cap, xom_teletrap_fun
D:2:      lemuel_crystal_altar, ecumenical_altar_2, first_bread,
          trog_three_pillars_becter, uniq_natasha, uniq_jessica

Action                   || total
-------------------------++-------
Melee: Unarmed           ||    48
 Cast: Beastly Appendage ||     3
  Use: Scroll            ||     5
 Stab: Sleeping          ||     3
